Cogmind - Beta 14 @@@ ROGUE MODE // 2024.11.30 @ 03:48:46 Player: MarKhan Result: Destroyed by G-67 Veteran with Field Laser Performance ------------- Evolutions (6) 3000 Regions Visited (9) 1800 Robots Destroyed (259) 1295 Value Destroyed (9372) 9372 Prototype IDs (10) 200 Alien Tech Used (0) 0 Bonus (2301) 2301 TOTAL SCORE: 17968 Bonus ------- High Alert Combat Kills 2459 Friendly Fire -158 Cogmind --------- Core Integrity 0/1150 Matter 278/300 Energy 74/100 System Corruption 11% Temperature Cool (0) Movement Core (50) Location -4/Factory Parts ------- > --- POWER (1) -------- (None) > --- PROPULSION (6) --- (None) > --- UTILITY (7) ------ Machine Analyzer Advanced Signal Interpreter Graphene Brace > --- WEAPON (5) ------- (None) > --- INVENTORY (5) ---- Damper Plating Shield Generator Peak State ------------ > --- POWER ------------ Light Antimatter Reactor > --- PROPULSION ------- Armored Medium Treads Armored Medium Treads Armored Medium Treads Armored Medium Treads Armored Medium Treads Armored Medium Treads > --- UTILITY ---------- Huge Storage Unit Advanced Sensor Array Improved Signal Interpreter Damper Plating > --- WEAPON ----------- Wave Gun Wave Gun Heavy Gatling Laser Heavy Wave Gun Heavy Wave Gun > --- INVENTORY -------- Improved Deuterium Engine Neutrino Core Light Treads Medium Treads Improved Medium Treads Armored Medium Treads Advanced Heat Sink Advanced Heat Sink Advanced Cooling System Advanced Cooling System Matter Compressor Matter Compressor Advanced Sensor Array Advanced Terrain Scanner Target Analyzer Layered Light Armor Plating Layered Light Armor Plating Shield Generator Hacking Suite System Shield High-powered Tractor Beam Gauss Rifle Gauss Rifle Heavy Gauss Cannon Improved Plasma Cutter [Rating: 122] Favorites ----------- Power Ion Engine Engine Ion Engine Power Core Micro Nuclear Core Reactor Light Antimatter Reactor Propulsion Light Treads Treads Light Treads Wheel Centrium Wheel Utility Huge Storage Unit Device Advanced Sensor Array Storage Huge Storage Unit Processor Improved Signal Interpreter Hackware Hacking Suite Protection Layered Light Armor Plating Weapon Autogun Energy Gun Wave Gun Energy Cannon Particle Cannon Ballistic Gun Autogun Ballistic Cannon Bore Cannon Launcher Grenade Launcher Special Weapon Mining Laser Build | -11 -10 -9 -8 -7 -6 -6 -6 -5 -4 ------- Run | Yrd Mat Mat Mat Fac Fac Was Fac Fac Fac Slots Evolved 12 | . . 2 2 2 2 . . 2 2 Power . | . . . . . . . . . . Propulsion 4 | . . . 2 2 . . . . . Utility 5 | . . . . . 1 . . 2 2 Weapon 3 | . . 2 . . 1 . . . . Parts Attached 285 | 8 15 32 18 41 8 11 42 36 74 Power 19 | 1 . 3 1 2 . . 1 2 9 Engine 8 | 1 . 2 . 1 . . 1 1 2 Core 7 | . . 1 1 1 . . . 1 3 Reactor 4 | . . . . . . . . . 4 Propulsion 56 | 2 5 7 5 12 1 2 7 6 9 Treads 54 | 2 5 7 5 12 1 2 7 6 7 Leg . | . . . . . . . . . . Wheel 2 | . . . . . . . . . 2 Hover . | . . . . . . . . . . Flight . | . . . . . . . . . . Utility 125 | 2 4 11 5 17 5 4 23 17 37 Device 85 | 1 2 11 3 4 1 . 20 14 29 Storage 3 | 1 2 . . . . . . . . Processor 9 | . . . 1 2 1 1 1 . 3 Hackware 3 | . . . . 1 1 . . . 1 Protection 25 | . . . 1 10 2 3 2 3 4 Artifact . | . . . . . . . . . . Weapon 85 | 3 6 11 7 10 2 5 11 11 19 Energy Gun 21 | 3 1 . . . . . . 7 10 Energy Cannon 4 | . . 3 1 . . . . . . Ballistic Gun 39 | . 3 8 5 10 2 2 3 1 5 Ballistic Cannon 16 | . 1 . . . . 3 7 2 3 Launcher 3 | . . . 1 . . . 1 1 . Special Weapon 2 | . 1 . . . . . . . 1 Impact Weapon . | . . . . . . . . . . Slashing Weapon . | . . . . . . . . . . Piercing Weapon . | . . . . . . . . . . Special Melee Weapon . | . . . . . . . . . . Unidentified Prototypes 10 | . . 1 . . . 2 1 2 4 Corrupted Parts 1 | . . . . . . . . . 1 System Corruption 1 | . . . . . . . . . 1 Parts Lost 76 | . 2 1 4 8 . . 8 14 39 Power 8 | . . . . . . . 1 1 6 Propulsion 25 | . . . 2 4 . . 5 2 12 Utility 17 | . 1 1 . 1 . . . 2 12 Weapon 26 | . 1 . 2 3 . . 2 9 9 Highest Loss Streak 16 | . 2 1 4 3 . . 2 4 16 To Critical Strikes 2 | . . . . . . . . 1 1 Average Slot Usage (%) 94 | . 99 99 99 99 99 99 95 84 78 Engine 4 | . 14 6 . 5 . . 3 2 1 Core 2 | . . 4 9 1 6 6 2 2 . Treads 30 | . 27 22 35 45 39 39 36 22 20 Device 7 | . 14 10 7 . 1 . 5 10 12 Storage 7 | . 14 11 9 7 6 6 6 5 4 Processor 2 | . . . . . 6 6 . 5 5 Protection 3 | . . . 1 6 4 6 6 4 3 Energy Gun 3 | . 4 . . . . . . 4 16 Ballistic Gun 23 | . 16 43 34 30 33 31 19 14 3 Ballistic Cannon 4 | . 6 . . . . 1 13 6 3 Peak Build Rating 122 | 7 11 18 21 36 42 48 67 96 122 Average Rating 43 | 5 8 14 20 30 39 42 54 69 98 On Entrance 32 | . 7 10 18 20 30 42 45 55 96 Naked Turns . | . . . . . . . . . . Heaviest Build 170 | 15 90 97 104 109 115 115 130 126 170 Greatest Support 165 | 40 40 40 80 130 120 120 140 165 162 Greatest Overweight (x) 6 | . 4 2 1 . . 1 1 2 6 Average Overweight (x) . | . 1 2 1 . . . . . . Largest Inventory Capacity 25 | 8 25 25 25 25 25 25 25 25 25 Average Capacity 24 | 7 20 25 25 25 25 25 25 25 24 Most Carried 25 | 4 25 25 25 25 25 25 25 25 25 Average Carried 22 | 1 15 24 24 24 24 24 24 24 23 Final Capacity 25 | 8 25 25 25 25 25 25 25 25 5 Final Carried 25 | 4 25 25 25 25 25 25 25 25 5 Class Distribution -------------------- 34% | Scavenger-Tank 17% | Scavenger-Gunner 16% | Scavenger-Skirmisher 9% | Mutant 8% | Gunner 7% | Tank 4% | Scavenger-Mutant Dominant Class ---------------- Mutant | -10/Materials Gunner | -9/Materials Scavenger-Gunner | -8/Materials Scavenger-Tank | -7/Factory Scavenger-Gunner | -6/Factory Scavenger-Gunner | -6/Waste Scavenger-Tank | -6/Factory Scavenger-Skirmisher | -5/Factory Scavenger-Skirmisher | -4/Factory Resources | -11 -10 -9 -8 -7 -6 -6 -6 -5 -4 ----------- Run | Yrd Mat Mat Mat Fac Fac Was Fac Fac Fac Matter Collected 12292 | 280 520 933 577 1991 47 831 2818 1571 2724 Remotely 4432 | . . 155 168 448 . . 1080 1035 1546 Salvage Created 11830 | 108 556 1142 812 2034 47 1166 2774 1613 1578 Parts 562 | 7 30 76 42 112 2 2 141 78 72 Haulers Intercepted 14 | . 2 4 . 4 . . 1 1 2 Recyclers Shooed 10 | . . 2 1 1 . . 3 1 2 Parts Field Recycled . | . . . . . . . . . . Retrieved Matter . | . . . . . . . . . . Parts Self-Destructed . | . . . . . . . . . . Prevented . | . . . . . . . . . . Kills | -11 -10 -9 -8 -7 -6 -6 -6 -5 -4 ------- Run | Yrd Mat Mat Mat Fac Fac Was Fac Fac Fac Combat Hostiles Destroyed 167 | . 9 23 18 27 1 2 31 33 23 Melee 2 | . . . . . . . . 1 1 Guns 100 | . 3 23 15 26 1 2 11 9 10 Cannons 45 | . 6 . 1 . . . 19 11 8 AOE 18 | . . . 2 1 . . 1 11 3 Classes Destroyed 19 | 2 6 3 1 1 . 1 1 3 1 Worker 19 | . 1 1 . 6 . . 4 6 1 Builder 19 | . . 2 . 1 . . 7 2 7 Tunneler 3 | 2 . . . . . . 1 . . Hauler 14 | . 2 4 . 4 . . 1 1 2 Recycler 18 | 1 2 1 1 7 . . 5 . 1 Carrier 1 | . . . . . . . 1 . . Mechanic 1 | . . . . . . . . . 1 Operator 5 | . 1 1 . 1 . . 2 . . Watcher 12 | . 2 . 2 2 . . . 1 5 Swarmer 24 | . 2 8 6 3 . . 1 . 4 Saboteur 3 | . . . . . . . . 2 1 Grunt 75 | . 7 9 5 13 . . 20 18 3 Brawler 5 | . . 1 . 1 . . 1 1 1 Duelist 2 | . . . . . . . . 2 . Protector 1 | . . . . . . . . 1 . Sentry 25 | . . 5 5 5 1 . 4 5 . Hunter 15 | . . . 2 1 . . 2 2 8 Programmer 15 | . . . . 4 . . 3 2 6 Compactor 2 | . . . . . . 2 . . . Best Kill Streak 13 | 2 4 5 8 7 1 1 13 10 7 Combat Bots Only 10 | . 2 5 6 5 1 1 10 9 5 Max Kills in Single Turn 5 | 1 1 2 2 5 1 1 3 5 4 Gunslinging 1 | . . 1 . 1 . . . . . Exploded 5 | . . . 1 1 . . 1 5 2 Melee 1 | . . . . . . . . 1 1 Uniques/NPCs Destroyed . | . . . . . . . . . . Combat | -11 -10 -9 -8 -7 -6 -6 -6 -5 -4 -------- Run | Yrd Mat Mat Mat Fac Fac Was Fac Fac Fac Hostile Shots Fired 1595 | . 78 76 106 286 42 . 222 220 565 Missed 504 | . 23 26 26 101 22 . 64 66 176 Damage Taken 17475 | . 763 511 951 2018 86 . 2309 3767 7070 Core 1835 | . 215 65 42 125 12 . 159 64 1153 Absorbed by Shields 73 | . . 64 9 . . . . . . Ignored by Resistances 226 | . . . . . 26 . . . 200 Regen/Repaired (Parts) 380 | . 58 . . 54 120 . . 148 . Core Remaining (%) 77 | 100 14 83 92 82 . . 79 93 . Volleys Fired 557 | 7 68 65 46 85 5 20 87 81 93 Largest 5 | 2 2 4 4 4 4 5 5 5 5 Hottest 438 | 100 100 89 137 107 97 132 227 400 438 Shots Fired 1925 | 14 129 260 184 333 20 88 338 259 300 Gun 1505 | 14 83 260 173 333 20 85 170 163 204 Cannon 404 | . 39 . 8 . . 3 168 90 96 Launcher 9 | . . . 3 . . . . 6 . Special 7 | . 7 . . . . . . . . Kinetic 1669 | . 104 260 173 333 20 88 338 199 154 Thermal 247 | 14 25 . 8 . . . . 54 146 Explosive 9 | . . . 3 . . . . 6 . Electromagnetic . | . . . . . . . . . . Robot Hit Streak 17 | 9 10 17 14 17 6 11 11 12 16 Robot Miss Streak 16 | 1 4 5 7 16 3 5 9 9 7 Penetration Max 2 | . . . . 1 . . 2 2 1 Secondary Targets 11 | . 1 2 1 3 . . 1 1 2 Max Gunslinging Chain 1 | . 1 1 1 1 . . 1 1 1 Shots Hit Robots 1107 | 13 73 152 100 209 17 66 163 154 160 Core Hits 623 | 4 30 63 45 115 5 18 118 144 81 Critical Kills 43 | . . 3 1 2 . . 29 7 1 Critical Parts Destroyed 51 | . . 2 . 6 . 3 29 8 3 Critical Strikes 122 | 3 . 5 1 8 . 9 58 20 18 Burn 9 | 3 . . . . . . . . 6 Destroy 102 | . . 5 1 8 . 9 58 17 4 Blast 11 | . . . . . . . . 3 8 Melee Attacks . | . . . . . . . . . . Impact . | . . . . . . . . . . Slashing . | . . . . . . . . . . Piercing . | . . . . . . . . . . Sneak Attacks . | . . . . . . . . . . Combat Hostiles . | . . . . . . . . . . Follow-up Attacks . | . . . . . . . . . . Damage Inflicted 25556 | 139 857 1586 1628 4016 275 1216 3953 5766 6120 Guns 16376 | 139 449 1584 1453 3675 275 1216 1695 2519 3371 Cannons 5350 | . 406 . 82 . . . 1460 1526 1876 Explosions 3747 | . . . 93 341 . . 768 1679 866 Melee . | . . . . . . . . . . Ramming 83 | . 2 2 . . . . 30 42 7 Kinetic 18050 | . 730 1584 1453 3675 275 1216 3155 3321 2641 Thermal 5118 | 139 125 . 82 341 . . . 1671 2760 Explosive 2305 | . . . 93 . . . 768 732 712 Electromagnetic . | . . . . . . . . . . Impact . | . . . . . . . . . . Slashing . | . . . . . . . . . . Piercing . | . . . . . . . . . . Highest Corruption 11 | . 1 . . 3 . . 2 . 11 Average Corruption 1 | . 1 . . 2 . . 1 . 3 Corruption Purged . | . . . . . . . . . . Corruption Blocked . | . . . . . . . . . . Effects 47 | . 5 . . 13 . . 19 . 10 Message Errors 11 | . . . . 4 . . 5 . 2 Matter Fused 13 | . 1 . . 6 . . 2 . 4 Heat Flow Errors 2 | . . . . 1 . . 1 . . Energy Discharges 6 | . 1 . . . . . 5 . . Parts Rejected 1 | . . . . . . . 1 . . Parts Fused 1 | . . . . . . . 1 . . Data Loss (minor) 8 | . 3 . . 1 . . 2 . 2 Data Loss (major) 1 | . . . . 1 . . . . . Misfires 1 | . . . . . . . . . 1 Alerts 2 | . . . . . . . 2 . . Misdirections 1 | . . . . . . . . . 1 Overload Shots . | . . . . . . . . . . Overflow Damage 542 | . . . . . . . 12 190 340 Projectiles 112 | . . . . . . . . 8 104 Explosions 430 | . . . . . . . 12 182 236 Melee . | . . . . . . . . . . Knockbacks 45 | . 4 . . . . . 13 12 16 Impact . | . . . . . . . . . . Kinetic 44 | . 4 . . . . . 13 12 15 Secondary 1 | . . . . . . . . . 1 Self-Inflicted Damage 784 | . . . 10 75 . . 61 469 169 Shots 14 | . . . 1 1 . . 1 8 3 Rammed 7 | . . 1 . . . . 3 2 1 Targets Rammed 12 | . 1 2 . . . . 4 3 2 Kicked . | . . . . . . . . . . Crushed 5 | . 1 1 . . . . 1 1 1 Highest Temperature 498 | 195 150 285 148 315 130 292 498 231 476 Average Temperature 94 | 76 42 58 36 79 65 110 152 37 134 Received Heat Transfer 3660 | . 318 202 258 681 . . 840 998 363 Effects 25 | . . . . 3 . . 14 . 8 Shutdowns 3 | . . . . . . . 3 . . Energy Bleed 5 | . . . . . . . 4 . 1 Interference 12 | . . . . 3 . . 3 . 6 Matter Decay 2 | . . . . . . . 1 . 1 Short Circuit 2 | . . . . . . . 2 . . Damage (minor) 1 | . . . . . . . 1 . . Siege Activations . | . . . . . . . . . . Robots Corrupted . | . . . . . . . . . . Combat Hostiles . | . . . . . . . . . . Parts Fried . | . . . . . . . . . . Impact Corruptions . | . . . . . . . . . . Robots Melted 3 | . . . . . . . . 1 2 Combat Hostiles 2 | . . . . . . . . 1 1 Parts Melted 16 | 2 . . . . . . . 2 12 Heat Transferred 7691 | 629 370 . 148 300 . . . 1858 4386 Parts Sabotaged 1 | . . . . . . . . . 1 Parts Stolen . | . . . . . . . . . . Parts Stripped . | . . . . . . . . . . Power Chain Reactions . | . . . . . . . . . . Alert | -11 -10 -9 -8 -7 -6 -6 -6 -5 -4 ------- Run | Yrd Mat Mat Mat Fac Fac Was Fac Fac Fac Peak Influence 1429 | 15 179 379 676 793 470 168 1139 1429 1228 Initial 700 | . 9 11 124 232 388 164 . 557 700 Average 415 | 5 42 156 395 444 444 79 387 749 953 Maximum Alert Level 4 | . . 1 2 3 2 . 4 4 4 Low Security (%) 38 | 100 100 62 21 . . 100 42 . . Level 1 15 | . . 37 22 45 22 . 11 . . Level 2 25 | . . . 56 46 77 . 25 73 7 Level 3 12 | . . . . 8 . . 15 8 55 Level 4 8 | . . . . . . . 5 17 36 Level 5 . | . . . . . . . . . . High Security . | . . . . . . . . . . Max Security . | . . . . . . . . . . Squads Dispatched 49 | . 1 1 3 11 1 . 13 12 7 Investigation 2 | . . . 1 . . . . . 1 Extermination 11 | . . . . 4 1 . 3 1 2 Reinforcement 17 | . 1 1 2 4 . . 4 3 2 Assault 9 | . . . . . . . 3 4 2 Garrison 10 | . . . . 3 . . 3 4 . Intercept . | . . . . . . . . . . Searches Triggered . | . . . . . . . . . . Construction Impeded 6 | . . . 1 . . . 3 1 1 Haulers Reinforced 6 | . . . . 3 . . 1 1 1 Active Scanning Responses . | . . . . . . . . . . Cargo Convoy Interrupts . | . . . . . . . . . . Stealth | -11 -10 -9 -8 -7 -6 -6 -6 -5 -4 --------- Run | Yrd Mat Mat Mat Fac Fac Was Fac Fac Fac Distress Signals 8 | . 1 1 . . . . 6 . . Communications Jammed . | . . . . . . . . . . Distress Signals . | . . . . . . . . . . Times Spotted 261 | . 20 34 24 36 1 2 54 49 41 Peak Tracking Total 9 | . 4 4 8 6 1 1 8 9 8 Tactical Retreats 15 | . 1 2 2 2 . . 7 . 1 Traps | -11 -10 -9 -8 -7 -6 -6 -6 -5 -4 ------- Run | Yrd Mat Mat Mat Fac Fac Was Fac Fac Fac Traps Triggered 11 | . 5 . 1 . 1 . 3 . 1 Indirectly . | . . . . . . . . . . Trap Hack Attempts . | . . . . . . . . . . Triggered . | . . . . . . . . . . Disarmed . | . . . . . . . . . . Reprogrammed . | . . . . . . . . . . Reused . | . . . . . . . . . . Traps Extracted . | . . . . . . . . . . Installed . | . . . . . . . . . . Triggered . | . . . . . . . . . . Machines | -11 -10 -9 -8 -7 -6 -6 -6 -5 -4 ---------- Run | Yrd Mat Mat Mat Fac Fac Was Fac Fac Fac Machines Disabled 43 | . 1 . . 4 . . 16 10 12 Max in Single Turn 6 | . 1 . . 3 . . 6 2 4 Garrison Access 4 | . . . . 1 1 . . 1 1 Machines Repaired . | . . . . . . . . . . Machines Dismantled 1 | . . . . . . . . . 1 Machines Sabotaged . | . . . . . . . . . . Overloaded Fab Kills . | . . . . . . . . . . Hacking | -11 -10 -9 -8 -7 -6 -6 -6 -5 -4 --------- Run | Yrd Mat Mat Mat Fac Fac Was Fac Fac Fac Machines Accessed 31 | . 6 4 2 6 4 . 4 2 3 Terminals 19 | . 5 4 2 2 2 . 2 1 1 Fabricators 2 | . . . . . . . 1 . 1 Repair Stations 4 | . 1 . . 1 1 . . 1 . Recycling Units 3 | . . . . 2 . . 1 . . Scanalyzers . | . . . . . . . . . . Garrison Access 3 | . . . . 1 1 . . . 1 Total Hacks 80 | . 20 13 4 13 11 . 10 5 4 Successful 35 | . 12 5 . 7 7 . 1 2 1 Failed 45 | . 8 8 4 6 4 . 9 3 3 Catastrophic 6 | . 1 1 1 1 . . . 1 1 Database Lockouts . | . . . . . . . . . . Manual 11 | . 9 . . . 1 . 1 . . Terminals 56 | . 18 13 4 5 7 . 6 2 1 Fabricators 3 | . . . . . . . 2 . 1 Repair Stations 10 | . 2 . . 2 3 . . 3 . Recycling Units 7 | . . . . 5 . . 2 . . Scanalyzers . | . . . . . . . . . . Garrison Access 4 | . . . . 1 1 . . . 2 Terminal Hacks 21 | . 10 5 . 1 4 . 1 . . Part Schematic 1 | . . . . 1 . . . . . Robot Analysis 4 | . 3 . . . 1 . . . . Emergency Access Points 2 | . 1 . . . . . 1 . . Terminal Index 1 | . . 1 . . . . . . . Unreport Threat 1 | . 1 . . . . . . . . Locate Traps 2 | . . 2 . . . . . . . Dispatch Records 1 | . 1 . . . . . . . . Maintenance Status 2 | . . 1 . . 1 . . . . Patrol Status 1 | . 1 . . . . . . . . Hauler Manifests 2 | . 1 . . . 1 . . . . Registered Components 1 | . . . . . 1 . . . . Zone Layout 3 | . 2 1 . . . . . . . Fabricator Hacks 1 | . . . . . . . . . 1 Network Status 1 | . . . . . . . . . 1 Repair Station Hacks 8 | . 2 . . 2 2 . . 2 . Scan Component 4 | . 1 . . 1 1 . . 1 . Repair 4 | . 1 . . 1 1 . . 1 . Recycling Unit Hacks 3 | . . . . 3 . . . . . Retrieve Components 3 | . . . . 3 . . . . . Scanalyzer . | . . . . . . . . . . Garrison Access Hacks 2 | . . . . 1 1 . . . . Seal Access 2 | . . . . 1 1 . . . . Unauthorized Hacks . | . . . . . . . . . . Terminals . | . . . . . . . . . . Fabricators . | . . . . . . . . . . Repair Stations . | . . . . . . . . . . Recycling Units . | . . . . . . . . . . Scanalyzers . | . . . . . . . . . . Garrison Access . | . . . . . . . . . . Data Cores Recovered 1 | . . . . . . . 1 . . Used . | . . . . . . . . . . Hacking Detections 27 | . 6 4 2 3 3 . 4 2 3 Full Trace Events 2 | . . 1 . . . . . . 1 Feedback Events . | . . . . . . . . . . Feedback Blocked . | . . . . . . . . . . Robot Schematics Acquired . | . . . . . . . . . . Robots Built . | . . . . . . . . . . Authchips . | . . . . . . . . . . Time . | . . . . . . . . . . Total Robot Build Rating . | . . . . . . . . . . Part Schematics Acquired 1 | . . . . 1 . . . . . Parts Built . | . . . . . . . . . . Authchips . | . . . . . . . . . . Time . | . . . . . . . . . . Total Part Build Rating . | . . . . . . . . . . Parts Repaired 4 | . 1 . . 1 1 . . 1 . Time 114 | . 26 . . 50 13 . . 25 . Parts Recycled . | . . . . . . . . . . Recycled Matter . | . . . . . . . . . . Retrieved Matter . | . . . . . . . . . . Retrieved Components 3 | . . . . 3 . . . . . Parts Scanalyzed . | . . . . . . . . . . Part Schematics Acquired . | . . . . . . . . . . Parts Damaged . | . . . . . . . . . . Bothacking | -11 -10 -9 -8 -7 -6 -6 -6 -5 -4 ------------ Run | Yrd Mat Mat Mat Fac Fac Was Fac Fac Fac Used RIF Installer . | . . . . . . . . . . Robots Hacked . | . . . . . . . . . . Non-combat . | . . . . . . . . . . Combat . | . . . . . . . . . . Robot Hacks Applied . | . . . . . . . . . . Relay Couplers Released 4 | . . . . . . . . 2 2 Machine Destruction 4 | . . . . . . . . 2 2 Fabnet Peak Effective % . | . . . . . . . . . . Robots Rewired . | . . . . . . . . . . Allies Hacked . | . . . . . . . . . . Hacks Repelled . | . . . . . . . . . . Allies | -11 -10 -9 -8 -7 -6 -6 -6 -5 -4 -------- Run | Yrd Mat Mat Mat Fac Fac Was Fac Fac Fac Total Allies . | . . . . . . . . . . Largest Group . | . . . . . . . . . . Highest-Rated Group . | . . . . . . . . . . Highest-Rated Ally . | . . . . . . . . . . Total Orders . | . . . . . . . . . . Ally Attacks . | . . . . . . . . . . Total Damage . | . . . . . . . . . . Kills . | . . . . . . . . . . Allies Corrupted . | . . . . . . . . . . Allies Melted . | . . . . . . . . . . Intel | -11 -10 -9 -8 -7 -6 -6 -6 -5 -4 ------- Run | Yrd Mat Mat Mat Fac Fac Was Fac Fac Fac Robot Analysis Total 4 | . 3 . . . 1 . . . . Derelict Logs Recovered . | . . . . . . . . . . Drone Launches . | . . . . . . . . . . Drone Recoveries . | . . . . . . . . . . Exploration | -11 -10 -9 -8 -7 -6 -6 -6 -5 -4 ------------- Run | Yrd Mat Mat Mat Fac Fac Was Fac Fac Fac Turns Passed 10595 | 135 1375 1643 476 1491 347 842 1400 1379 1507 Spaces Moved 3810 | 64 431 433 123 693 189 464 546 387 480 Core 13 | 3 . . . . . . . . 10 Treads 3765 | 61 431 433 123 693 189 464 546 387 438 Legs . | . . . . . . . . . . Wheels 32 | . . . . . . . . . 32 Hover . | . . . . . . . . . . Flight . | . . . . . . . . . . Fastest Speed 50 | 50 160 320 240 160 160 160 160 166 50 Average Speed 208 | 154 253 320 240 160 160 160 177 237 214 Slowest Speed 490 | 160 480 320 240 160 160 240 240 320 490 Overloaded Moves . | . . . . . . . . . . Propulsion Burnouts . | . . . . . . . . . . Robots Hopped . | . . . . . . . . . . Cave-ins Triggered . | . . . . . . . . . . Exploration Rate (%) 28 | 4 55 43 20 19 7 96 18 11 14 Regions Visited 9 Branch Regions . Pre-discovered Areas . | . . . . . . . . . . Known Exits Taken 3 | . . . 1 . . . 1 1 . Unknown Exits Taken 4 | 1 1 1 . 1 . . . . . Scrap Searched . | . . . . . . . . . . Spaces Dug 21 | . 7 . . . . 4 9 1 . Terrain Destroyed 511 | . 7 . 26 55 . 4 166 142 111 Melee . | . . . . . . . . . . Projectile 148 | . 7 . . 1 . 4 55 28 53 AOE 363 | . . . 26 54 . . 111 114 58 Terrain Rammed . | . . . . . . . . . . Walls Destroyed . | . . . . . . . . . . Machines Disabled . | . . . . . . . . . . Actions | -11 -10 -9 -8 -7 -6 -6 -6 -5 -4 --------- Run | Yrd Mat Mat Mat Fac Fac Was Fac Fac Fac Total 5306 | 82 583 588 197 891 226 528 792 672 747 Wait 332 | . 37 11 . 19 16 . 81 132 36 Move 3802 | 63 430 432 122 692 189 463 545 386 480 Hop . | . . . . . . . . . . Pick Up 155 | 4 25 15 6 28 5 11 15 18 28 Fast Attach 60 | 7 3 5 . 2 1 7 8 12 15 Attach 59 | . 2 3 6 11 2 . 3 7 25 Detach 9 | . . 1 . 1 . 1 . . 6 Swap 167 | 1 10 24 12 28 5 4 31 18 34 Drop 144 | . 7 30 5 25 3 21 18 15 20 Fire 557 | 7 68 65 46 85 5 20 87 81 93 Melee . | . . . . . . . . . . Ram 1 | . . . . . . . . . 1 Kick . | . . . . . . . . . . Crush 11 | . 1 2 . . . . 4 3 1 Escape Stasis . | . . . . . . . . . . Rewire 1 | . . . . . . 1 . . . Trap . | . . . . . . . . . . Miscellaneous 8 | . . . . . . . . . 8 Route ------- -11/Scrapyard -10/Materials (discovered 3 exits: *Mat x2 / [*Min]) -9/Materials -8/Materials -7/Factory (discovered 2 exits: *Fac / *Low) -6/Factory -6/Waste -6/Factory -5/Factory (discovered 2 exits: *Fac / *Upp) -4/Factory (discovered 1 exit: *Upp) History --------- Turn | Location | Event 12 | -11/Scrapyard | Discovered new exit (range 15) 136 | -11/Scrapyard | Entered Materials 310 | -10/Materials | Build established: Mutant 321 | -10/Materials | Discovered new exit (range 10) 457 | -10/Materials | Discovered new exit (range 7) 703 | -10/Materials | Core integrity fell below 50% 897 | -10/Materials | Core integrity fell below 20% 1213 | -10/Materials | Build established: Scavenger-Mutant 1382 | -10/Materials | Repaired Lgt. Assault Rifle 1400 | -10/Materials | Discovered new exit (range 16) 1511 | -10/Materials | Entered another Materials area 1511 | -9/Materials | Evolved 2 slots: Weapon x2 1817 | -9/Materials | Build established: Gunner 2825 | -9/Materials | Build established: Scavenger-Tank 3118 | -9/Materials | Discovered new exit (range 6) 3154 | -9/Materials | Entered another Materials area 3154 | -8/Materials | Evolved 2 slots: Propulsion x2 3512 | -8/Materials | Lost 4 parts (2n2w) 3614 | -8/Materials | Discovered new exit (range 5) 3630 | -8/Materials | Identified exit to Factory 3630 | -8/Materials | Entered Factory 3630 | -7/Factory | Evolved 2 slots: Propulsion x2 3959 | -7/Factory | Repaired Imp. Medium Treads 4237 | -7/Factory | Discovered new exit (range 7) 4257 | -7/Factory | Identified exit to Lower Caves 4281 | -7/Factory | Garrison activated, responded to threat 4391 | -7/Factory | Garrison activated, responded to threat 4446 | -7/Factory | Lost 3 parts (2n1w) 5034 | -7/Factory | Lost 3 parts (2n1w) 5069 | -7/Factory | Discovered new exit (range 16) 5121 | -7/Factory | Entered another Factory area 5121 | -6/Factory | Evolved 2 slots: Utility x1, Weapon x1 5294 | -6/Factory | Repaired Lgt. Treads 5415 | -6/Factory | Build established: Scavenger-Gunner 5468 | -6/Factory | Sucked down chute 5468 | -6/Factory | Entered Waste 5468 | -6/Waste | The area was eerily silent 5648 | -6/Waste | A Compactor rumbled back to life 5650 | -6/Waste | Destroyed C-40 Crusher 5874 | -6/Waste | Discovered new exit (range 13) 5928 | -6/Waste | A Compactor rumbled back to life 5929 | -6/Waste | Destroyed C-40 Crusher 6001 | -6/Waste | Found Damper Plating 6310 | -6/Waste | Entered Factory 6412 | -6/Factory | Found Prototype Launcher 6412 | -6/Factory | Identified Scatter Rocket Array 6855 | -6/Factory | Garrison activated, responded to threat 6959 | -6/Factory | Build established: Tank 6968 | -6/Factory | Destroyed 10 combat bots 7360 | -6/Factory | First assault squad dispatched 7646 | -6/Factory | Discovered new exit (range 13) 7710 | -6/Factory | Identified exit to Factory 7710 | -6/Factory | Entered another Factory area 7710 | -5/Factory | Evolved 2 slots: Utility x2 8128 | -5/Factory | Repaired Bore Cannon 8266 | -5/Factory | Lost 3 parts (1p1n1w) 8336 | -5/Factory | Build established: Scavenger-Skirmisher 8386 | -5/Factory | Discovered new exit (range 12) 8425 | -5/Factory | Identified exit to Upper Caves 8610 | -5/Factory | First assault squad dispatched 8676 | -5/Factory | Garrison activated, responded to threat 8869 | -5/Factory | Lost 4 parts (4w) 8873 | -5/Factory | Destroyed 9 combat bots 8946 | -5/Factory | Lost 3 parts (1u2w) 9047 | -5/Factory | Discovered new exit (range 16) 9078 | -5/Factory | Identified exit to Factory 9089 | -5/Factory | Entered another Factory area 9089 | -4/Factory | Evolved 2 slots: Utility x2 9362 | -4/Factory | Discovered new exit (range 4) 9367 | -4/Factory | Identified exit to Upper Caves 10017 | -4/Factory | Lost 8 parts (1p5n2u) 10091 | -4/Factory | Lost 5 parts (1p2u2w) 10271 | -4/Factory | Found Prototype Device 10271 | -4/Factory | Identified Exp. ECM Suite 10339 | -4/Factory | First assault squad dispatched 10398 | -4/Factory | Lost 6 parts (1p1n3u1w) 10511 | -4/Factory | Core integrity fell below 50% 10536 | -4/Factory | System corruption reached 10% 10591 | -4/Factory | Core integrity fell below 20% 10596 | -4/Factory | Destroyed by G-67 Veteran with Field Laser Last Messages --------------- 10536_ P-70 Sage destroyed. 10539_ Lgt. Antimatter Reactor destroyed. 10540_ Acquired Adv. Cryofiber Web. 10542_ System corrupted: Component data lost. 10548_ R-10 Processor collects Mining Laser. 10559_ RGVH0 KWNVNR2